 Dungeon Crawl Stone Soup version 0.27-a0-797-g27d10ad80f (webtiles) character file.

Game seed: 2554259587409789123

36 polve the Skirmisher (level 3, -7/29 HPs)
             Began as a Demonspawn Abyssal Knight on Mar 27, 2021.
             Was a Follower of Lugonu.
             Mangled by Natasha (9 damage)
             ... on level 2 of the Dungeon.
             The game lasted 00:00:54 (1770 turns).

polve the Skirmisher (Demonspawn Abyssal Knight)    Turns: 1770, Time: 00:00:55

Health: -7/29      AC:  3    Str: 13    XL:     3   Next: 19%
Magic:  4/4        EV: 10    Int: 13    God:    Lugonu [*.....]
Gold:   50         SH:  6    Dex: 12    Spells: 2/2 levels left

rFire    . . .     SeeInvis .   a - +1 falchion
rCold    . . .     Faith    .   f - +2 buckler
rNeg     . . .     Spirit   .   b - +0 leather armour
rPois    .         Reflect  .   (no helmet)
rElec    .         Harm     .   (no cloak)
rCorr    .         Rampage  .   (no gloves)
Will     .....                  (no boots)
Stlth    +.........             (no amulet)
HPRegen  0.09/turn              (no ring)
MPRegen  0.09/turn              (no ring)

@: attractive, slowed, very slow
A: hooves 2
a: Renounce Religion, Depart the Abyss


You were on level 2 of the Dungeon.
You worshipped Lugonu.
Lugonu was aware of your devotion.
You visited 1 branch of the dungeon, and saw 2 of its levels.
You visited the Abyss 1 time.

You collected 50 gold pieces.

Inventory:

Hand Weapons
 a - a +1 falchion (weapon)
Armour
 b - a +0 leather armour (worn)
 f - a +2 buckler (worn)
 h - a +0 pair of gloves
 j - a +0 helmet
Scrolls
 c - a scroll of noise {unknown}
 e - a scroll of fog {unknown}
 i - 4 scrolls of identify {unknown}
 k - a scroll of immolation {unknown}
Potions
 d - a potion of mutation {unknown}
 g - 2 potions of attraction
 l - 2 potions of degeneration {unknown}


   Skills:
 - Level 3.0 Fighting
 + Level 2.6 Long Blades
 - Level 1.7 Armour
 - Level 0.8 Dodging
 * Level 1.7 Shields
 - Level 2.4 Invocations


You had 2 spell levels left.
You didn't know any spells.
Your spell library contained the following spells:

 Spells                   Type           Power      Damage    Failure   Level
 Ice Form                 Ice/Tmut       0%         N/A       99%         4
 Metabolic Englaciation   Hex/Ice        0%         N/A       100%        5
 Freezing Cloud           Conj/Ice/Air   0%         6-21      100%        6
 Simulacrum               Ice/Necr       0%         N/A       100%        6
 Ozocubu's Refrigeration  Ice            0%         4d5       100%        7


Dungeon Overview and Level Annotations

Branches:
Dungeon (2/15)

Altars:

Annotations:
D:2 Natasha


Innate Abilities, Weirdness & Mutations

You have hoof-like feet.


Message History

Natasha hisses angrily.
Natasha is nearby!
Natasha growls.
Natasha stares at you and mumbles some strange words.
You feel yourself slow down. Natasha claws you but does no damage.
Natasha claws you.
You closely miss Natasha. Your kick misses Natasha.
Natasha mewls in sadness.
Natasha claws you!
You are too injured to fight recklessly!
You are too injured to fight recklessly!
You are too injured to fight recklessly!
You are too injured to fight recklessly!
You are too injured to fight recklessly!
You are too injured to fight recklessly!
You are too injured to fight recklessly!
You are too injured to fight recklessly!
You are too injured to fight recklessly!
You are too injured to fight recklessly!
You are too injured to fight recklessly!
You are too injured to fight recklessly!
You are too injured to fight recklessly!
You are too injured to fight recklessly!
You are too injured to fight recklessly!
You are too injured to fight recklessly!
You hit Natasha but do no damage. Natasha claws you.
Natasha completely misses you.
You completely miss Natasha. Natasha casts a spell at you.
The magic dart hits you!
* * * LOW HITPOINT WARNING * * *
Natasha claws you.
* * * LOW HITPOINT WARNING * * *
You slash Natasha!
Natasha is heavily wounded.
Natasha mumbles some strange words. x2
It was a potion of attraction.
You feel attractive to monsters. Natasha closely misses you. Natasha claws you!
You die...

#.# ###.# ....####
##.....# .......#
##.#...###########
...+...'........>#
##.#...#########.#
#.#...# #@#
##.##### #h# ...#
#5# ##+# #5#
.....# #.# .......
#.# ....... #.#
....... #.#
..###..


You could see Natasha, a crimson imp (summoned) and a shadow imp (summoned).

Vanquished Creatures
  An adder (D:2)
  A dart slug (D:1)
  3 bats
  An endoplasm (D:2)
  2 giant cockroaches (D:2)
  5 goblins
  3 hobgoblins (D:1)
  A kobold (D:1)
  A ball python (D:1)
  2 frilled lizards (D:1)
  2 rats
22 creatures vanquished.

Notes
Turn   | Place    | Note
-------+----------+-------------------------------------------
     0 | Abyss:1  | polve the Demonspawn Abyssal Knight began the quest for the
                  | Orb.
     0 | Abyss:1  | Reached XP level 1. HP: 18/18 MP: 2/2
   102 | Abyss:1  | Noticed a cacodemon
   107 | Abyss:1  | Noticed a chaos spawn
   110 | D:1      | Escaped the Abyss
   160 | D:1      | Reached * piety under Lugonu
   694 | D:1      | Gained mutation: You have large cloven feet. [demonic
                  | ancestry]
   694 | D:1      | Reached XP level 2. HP: 22/24 MP: 3/3
   898 | D:1      | Reached skill level 1 in Shields
  1391 | D:2      | Gained mutation: You have hoof-like feet. [demonic
                  | ancestry]
  1391 | D:2      | Reached XP level 3. HP: 13/29 MP: 4/4
  1763 | D:2      | Noticed Natasha
  1770 | D:2      | Mangled by Natasha

Illustrated notes

Levels and vault maps discovered:
D:1:      dpeg_arrival_shrine, layout_basic, minmay_bisected
D:2:      layout_basic, lemuel_coloured_pillars_altar, uniq_natasha

Skill      XL: |  1  2 |
---------------+-------+-----
Long Blades    | 2 |  2.6
Shields        | 1 |  1.7
Fighting       | |  3.0
Armour         | |  1.7
Dodging        | |  0.8
Invocations    | |  2.4

Action                   || total
-------------------------++-------
Melee: Falchion          ||    78
       Kick              ||     6
Invok: Depart the Abyss  ||     1
  Use: Potion            ||     2
Armor: Leather armour    ||    25
Dodge: Dodged            ||    44
Block: Buckler           ||    10
       Rpst.: Falchion   ||    14

Table legend: (Time is in decaauts)
 A = Elapsed time spent in this place.
 B = Non-inter-level travel time spent in this place.
 C = Inter-level travel time spent in this place.
 D = Time resting spent in this place.
 E = Time spent auto-exploring this place.
 F = Levels seen in this place.
 G = Mean time per level.
                   A        B        C        D        E       F      G
               +--------+--------+--------+--------+--------+-----+--------+
         Total |   1791 |   1762 |     29 |      0 |   1560 |   3 |  597.0 |
       Dungeon |   1681 |   1652 |     29 |      0 |   1460 |   2 |  840.5 |
         Abyss |    110 |    110 |      0 |      0 |    100 |   1 |  110.0 |
               +--------+--------+--------+--------+--------+-----+--------+

Top non-repeatable levels by time:
     D:1: 1186 daAuts
     D:2: 494 daAuts
 Abyss:1: 110 daAuts
